 Dungeon Crawl Stone Soup version 0.29-a0-214-g17f627cfee (webtiles) character file.

Game seed: 5407415535279824703

44 sammy202020 the Skirmisher (level 3, -2/29 HPs)
             Began as a Demonspawn Berserker on Feb 25, 2022.
             Was a Follower of Trog.
             Slain by a gnoll
             ... wielding a +0 halberd
              (8 damage)
             ... on level 2 of the Dungeon.
             The game lasted 00:01:48 (947 turns).

sammy202020 the Skirmisher (Demonspawn Berserker)    Turns: 947, Time: 00:01:48

Health: -2/29      AC:  8    Str: 19    XL:     3   Next: 41%
Magic:  3/3        EV: 13    Int:  8    God:    Trog [*.....]
Gold:   100        SH:  0    Dex: 12    Spells: 2/2 levels left

rFire   . . .      SeeInvis .   a - +0 hand axe
rCold   . . .      Faith    .   (no shield)
rNeg    . . .      Spirit   .   c - +0 chain mail
rPois   .          Reflect  .   (helmet restricted)
rElec   .          Harm     .   (no cloak)
rCorr   .          Rampage  .   (no gloves)
Will    .....                   (no boots)
Stlth   ..........              (no amulet)
HPRegen 0.09/turn               (no ring)
MPRegen 0.08/turn               (no ring)

@: agile, on berserk cooldown, slowed, very slow
A: antennae 1, powered by pain 1
a: Renounce Religion, Berserk


You were on level 2 of the Dungeon.
You worshipped Trog.
Trog was aware of your devotion.
You visited 1 branch of the dungeon, and saw 2 of its levels.

You collected 100 gold pieces.

Inventory:

Hand Weapons
 a - a +0 hand axe (weapon)
Armour
 c - a +0 chain mail (worn)
Scrolls
 b - a scroll of vulnerability {unknown}
 d - a scroll of torment {unknown}
Potions
 e - a potion of brilliance {unknown}
 f - a potion of might {unknown}


   Skills:
 + Level 3.3 Fighting
 + Level 3.1 Axes
 + Level 2.3 Armour
 + Level 2.3 Dodging


You had 2 spell levels left.
You didn't know any spells.
Your spell library was empty.

Dungeon Overview and Level Annotations

Branches:
Dungeon (2/15)

Altars:


Innate Abilities, Weirdness & Mutations

You have a pair of small antennae on your head.
You sometimes gain a little power by taking damage.


Message History

Found 7 stones.
You see here a +0 dagger.
There is an open door here.
There is an open door here.
You now have 100 gold pieces (gained 6).
A gnoll comes into view. It is wielding a +0 halberd.
A gnoll comes into view. It is wielding a +0 halberd.
The gnoll shouts!
A gnoll comes into view. It is wielding a +0 spear.
The gnoll shouts!
You hear a shout! x2
The gnoll hits you with a +0 halberd!
You focus on the pain.
You feel agile all of a sudden.
You closely miss the gnoll. The gnoll misses you.
The gnoll hits you from afar with a +0 halberd!
You are too injured to fight recklessly!
A red film seems to cover your vision as you go berserk!
You feel yourself moving faster!
You feel mighty! The gnoll misses you.
You slash the gnoll!
You kill the gnoll!
Trog accepts your kill.
The gnoll hits you from afar with a +0 halberd.
Things that are here:
a +0 halberd; a gnoll corpse You barely miss the gnoll.
The gnoll hits you with a +0 spear.
* * * LOW HITPOINT WARNING * * *
The gnoll hits you from afar with a +0 halberd.
* * * LOW HITPOINT WARNING * * *
You hit the gnoll.
The gnoll is heavily wounded.
The gnoll barely misses you. x2
You feel a strong urge to attack something.
You feel your anger nearly subside.
You are no longer berserk.
You are exhausted.
You feel yourself slow down.
You see here a hobgoblin corpse.
The gnoll hits you but does no damage.
The gnoll hits you from afar with a +0 spear.
* * * LOW HITPOINT WARNING * * *
The gnoll hits you from afar with a +0 halberd!
You die...

# ####.#### #.#.#..........##. #
#.......# ##.##>#####........ #
#.##.##.# ##...#.# #.##..##.
###.##.##.####..†...# #.##..##.
.......##...........# #.##.....
###.############g#### #.###.##.
#.# #g# #.# #.##. ###.##### #.#
#.# #.##. #.......# ##@##
#.###.##. #.#.###.# ##...##
#........ #.#...#.# ##.)...##
#####.### #.......# ##.......##
##.##.#
#.###...####.........####.....###
#.##..)....'.........+...........
#.......####.........####....####
#.#.##..# ##.......## ##.#.#
#.#.###.# ##.....## ###.#


You could see 2 gnolls.

Vanquished Creatures
  A gnoll (D:2)
  A dart slug (D:1)
  2 ball pythons (D:1)
  A bat (D:1)
  4 endoplasms (D:1)
  A giant cockroach (D:1)
  3 goblins
  3 hobgoblins
  2 quokkas (D:1)
  6 frilled lizards (D:1)
  4 kobolds (D:1)
  2 rats (D:1)
30 creatures vanquished.

Notes
Turn   | Place    | Note
-------+----------+-------------------------------------------
     0 | D:1      | sammy202020 the Demonspawn Berserker began the quest for
                  | the Orb.
     0 | D:1      | Reached XP level 1. HP: 18/18 MP: 1/1
    97 | D:1      | Gained mutation: You have a pair of small antennae on your
                  | head. [demonic ancestry]
    97 | D:1      | Reached XP level 2. HP: 18/24 MP: 2/2
   604 | D:1      | Gained mutation: You sometimes gain a little power by
                  | taking damage. [demonic ancestry]
   604 | D:1      | Reached XP level 3. HP: 29/29 MP: 3/3
   610 | D:1      | Found a faded altar of an unknown god.
   947 | D:2      | Slain by a gnoll

Illustrated notes

Levels and vault maps discovered:
D:1:      dpeg_arrival_simpleton_a, layout_rooms, basic_ecumenical_altar
D:2:      layout_loops_corners, minmay_box_of_dots, uniq_sigmund, uniq_natasha

Skill      XL: |  1  2 |
---------------+-------+-----
Armour         | 2 |  2.3
Dodging        | 2 |  2.3
Axes           | 3 |  3.1
Fighting       | |  3.3

Action                   || total
-------------------------++-------
Melee: Hand axe          ||    70
Invok: Berserk           ||     1
Armor: Chain mail        ||    41
Dodge: Dodged            ||    26

Table legend: (Time is in decaauts)
 A = Elapsed time spent in this place.
 B = Non-inter-level travel time spent in this place.
 C = Inter-level travel time spent in this place.
 D = Time resting spent in this place.
 E = Time spent auto-exploring this place.
 F = Levels seen in this place.
 G = Mean time per level.
                   A        B        C        D        E       F      G
               +--------+--------+--------+--------+--------+-----+--------+
         Total |    958 |    930 |     28 |      0 |    729 |   2 |  479.0 |
       Dungeon |    958 |    930 |     28 |      0 |    729 |   2 |  479.0 |
               +--------+--------+--------+--------+--------+-----+--------+

Top non-repeatable levels by time:
     D:1: 728 daAuts
     D:2: 229 daAuts
